 Dungeon Crawl Stone Soup version 0.29.0-4-gdea44cf6ec (webtiles) character file.

Game seed: 9139230844324894671

1705 qw the Cleaver (level 9, 0/52 HPs)
             Began as a Tengu Warper on Aug 28, 2022.
             Was a Follower of Okawaru.
             Killed from afar by an orc wizard (7 damage)
             ... with a puff of flame
             ... on level 6 of the Dungeon.
             The game lasted 00:00:33 (6839 turns).

qw the Cleaver (Tengu Warper)                       Turns: 6839, Time: 00:00:33

Health: 0/52       AC: 17    Str: 16    XL:     9   Next: 3%
Magic:  10/13      EV:  9    Int: 13    God:    Okawaru [*.....]
Gold:   92         SH:  0    Dex: 14    Spells: 12/12 levels left

rFire   . . .      SeeInvis .   Y - +3 hand axe (freeze)
rCold   . . .      Faith    .   (no shield)
rNeg    . . .      Spirit   .   k - +0 plate armour
rPois   .          Reflect  .   (helmet restricted)
rElec   .          Harm     .   (no cloak)
rCorr   .          Rampage  .   g - +0 pair of gloves
Will    .....                   (boots unavailable)
Stlth   ..........              (no amulet)
HPRegen 0.17/turn               (no ring)
MPRegen 0.13/turn               (no ring)

@: heroic, flying quickly and evasively, quick
A: beak, talons 3, nimble flight, iridescent scales 1
a: Renounce Religion, Heroism


You were on level 6 of the Dungeon.
You worshipped Okawaru.
Okawaru was aware of your devotion.
You visited 2 branches of the dungeon, and saw 7 of its levels.

You collected 241 gold pieces.
You spent 149 gold pieces at shops.


Innate Abilities, Weirdness & Mutations

You have a beak for a mouth.
You have claws for feet.
Your magical nature lets you fly swiftly and evasively.
You are partially covered in iridescent scales. (AC +2)


   Skills:
 - Level 4.2(9.2) Fighting
 - Level 10.0(15.0) Axes
 - Level 1.0(6.0) Throwing
 + Level 4.7(9.7) Armour
 - Level 2.1(7.1) Dodging
 - Level 2.0 Spellcasting
 - Level 2.4 Translocations
 + Level 3.0 Invocations


You had 12 spell levels left.
You didn't know any spells.
Your spell library contained the following spells:

 Spells                   Type           Power      Damage    Failure   Level
 Blink                    Tloc           14%        N/A       99%         2
 Gell's Gravitas          Tloc           7%         N/A       100%        3
 Lesser Beckoning         Tloc           7%         N/A       100%        3
 Teleport Other           Tloc           7%         N/A       100%        3
 Manifold Assault         Tloc           7%         N/A       100%        5

Inventory:

Hand Weapons
 p - a +0 flail of protection
 Y - a +3 hand axe of freezing (weapon)
Armour
 g - a +0 pair of gloves (worn)
 k - a +0 plate armour (worn)
Jewellery
 h - a ring of ice
Scrolls
 e - 5 scrolls of identify
Potions
 b - a potion of resistance
 i - a potion of haste
 l - 2 potions of mutation
 o - 2 potions of might

Dungeon Overview and Level Annotations

Branches:
Dungeon (6/15)             Temple (1/1) D:5

Altars:
Ashenzari
Cheibriados
Dithmenos
Elyvilon
Fedhas
Hepliaklqana
Kikubaaqudgha
Nemelex Xobeh
Okawaru
Qazlal
Ru
Sif Muna
Trog
Uskayaw
Vehumet
Xom
Zin
The Shining One

Shops:
D:5 ?   D:6 :


Message History

The orc wizard hits you but does no damage.
The ogre hits you with a +0 giant club!
You barely miss the ogre. You claw the ogre. You peck the ogre.
The ogre is lightly wounded.
You hit the orc wizard. You freeze the orc wizard. You miss something.
The orc wizard hits you but does no damage.
You hear some strange, mumbled words.
A puff of flame appears from out of thin air!
The puff of flame hits you!
You hit the orc wizard. You freeze the orc wizard.
Your peck misses the orc wizard.
The orc wizard is severely wounded.
You hit the ogre. You freeze the ogre. You miss something.
You slash the orc wizard! You freeze the orc wizard.
You kill the orc wizard!
Okawaru accepts your kill.
You hit the ogre. You freeze the ogre. You barely miss something.
The ogre hits you with a +0 giant club! Something hits you but does no damage.
You hit the ogre. You freeze the ogre. You claw the ogre.
You peck the ogre, but do no damage. You punch the ogre.
The ogre is almost dead.
You hit something. You freeze something. You closely miss the ogre.
You peck the ogre.
You kill the ogre!
Okawaru accepts your kill.
You barely miss something.
You hear some strange, mumbled words.
A magic dart appears from out of thin air!
The magic dart hits you but does no damage.
Your Invocations skill increases to level 3!
You have reached level 9!
Your experience leads to an increase in your attributes!
Increase (S)trength, (I)ntelligence, or (D)exterity?
You feel stronger. x2
You miss something. Your kick misses something. Your peck misses something.
Your punch misses something. You slash something! You freeze something.
You hear some strange, mumbled words.
A puff of flame appears from out of thin air!
The puff of flame hits you!
You die...

### ### .....## #.. ... ...
... #.# #.# .....# #.# #.#
..... #.# #.## .#.#
####.###..##...##.. ####
#..........)....... ..##
#.#####....@....... #..#
#.### ###.){###.... #...
#...# ....:...# .. #.#.
#...####........ ####.#.
#....#.#......... ###.##...
#......####....!.###!...%.##
#...#....####..###........#
#...#......# ###.......#..#
#..##......## #......##..#


There were no monsters in sight!

Vanquished Creatures
  Eustachio (D:4)
  Menkaure (D:5)
  2 black bears
  An ogre (D:6)
  A centaur (D:5)
  3 necrophages
  3 scorpions
  A howler monkey (D:4)
  5 hounds
  A jelly (D:5)
  Jessica (D:3)
  4 iguanas
  10 orc wizards
  A gnoll (D:4)
  6 adders
  An ufetubus (D:5)
  8 orcs
  6 bats
  7 endoplasms
  A giant cockroach (D:4)
  4 goblins
  10 hobgoblins
  4 jackals (D:2)
  8 kobolds
  2 quokkas (D:4)
  5 ball pythons
  5 frilled lizards
  4 rats
106 creatures vanquished.

Notes
Turn   | Place    | Note
-------+----------+-------------------------------------------
     0 | D:1      | qw the Tengu Warper began the quest for the Orb.
     0 | D:1      | Reached XP level 1. HP: 12/12 MP: 4/4
     0 | D:1      | 0 ||| qw: Version: 0.1-a-89-g26bdef1
     0 | D:1      | 0 ||| qw: Game counter: 1177
     0 | D:1      | 0 ||| qw: Always use a shield: true
     0 | D:1      | 0 ||| qw: God list: Okawaru
     0 | D:1      | 0 ||| qw: Allow faded altars: false
     0 | D:1      | 0 ||| qw: Do Orc after D:15 true
     0 | D:1      | 0 ||| qw: Do second Lair branch before Depths: true
     0 | D:1      | 0 ||| qw: Lair rune preference: random
     0 | D:1      | 0 ||| qw: Plans: Normal
     0 | D:1      | 0 ||| PLANNING D:1-11
   313 | D:1      | Reached XP level 2. HP: 17/17 MP: 6/6
   326 | D:1      | Found a faded altar of an unknown god.
   332 | D:1      | Reached skill level 3 in Axes
   347 | D:1      | 347 ||| Stepping ~*~*~tactically~*~*~ (stealth).
   855 | D:1      | 855 ||| UPGRADING to +0 chain mail.
   865 | D:1      | 865 ||| DROPPING +0 leather armour.
   866 | D:1      | 866 ||| DROPPING +0 ring mail of poison resistance.
   867 | D:1      | 867 ||| READING scroll labelled XYOHEJOLEU.
   870 | D:1      | 870 ||| READING 4 scrolls labelled SIDGHO XEOLELOA.
   871 | D:1      | 871 ||| READING scroll labelled SUWITU ETEWASUESE.
   872 | D:1      | 872 ||| READING scroll labelled PANEHA PUASKI.
   873 | D:1      | 873 ||| READING scroll labelled TATZI QEQESIUPUQU.
   974 | D:1      | 974 ||| DRINKING 2 yellow potions.
   974 | D:1      | Gained mutation: You are partially covered in iridescent
                  | scales. (AC +2) [potion of mutation]
   975 | D:1      | 975 ||| READING 3 scrolls of identify.
   975 | D:1      | 975 ||| IDENTIFYING metallic black potion
   976 | D:1      | 976 ||| READING 2 scrolls of identify.
   976 | D:1      | 976 ||| IDENTIFYING emerald potion
   977 | D:1      | 977 ||| DROPPING scroll of blinking.
   978 | D:1      | 978 ||| DROPPING potion of ambrosia.
  1240 | D:2      | Reached skill level 4 in Axes
  1240 | D:2      | Reached XP level 3. HP: 16/21 MP: 7/7
  1751 | D:2      | 1751 ||| Stepping ~*~*~tactically~*~*~ (stealth).
  1849 | D:2      | 1849 ||| UPGRADING to +0 pair of gloves.
  1854 | D:2      | 1854 ||| UPGRADING to +0 plate armour.
  1864 | D:2      | 1864 ||| DROPPING +0 chain mail.
  1865 | D:2      | 1865 ||| READING scroll labelled TAIFFURCHOU.
  1866 | D:2      | 1866 ||| READING scroll labelled PEZAPHAOCYHY.
  1867 | D:2      | 1867 ||| READING 3 scrolls of identify.
  1867 | D:2      | 1867 ||| IDENTIFYING green potion
  1868 | D:2      | 1868 ||| READING 2 scrolls of identify.
  1868 | D:2      | 1868 ||| IDENTIFYING red potion
  1869 | D:2      | 1869 ||| DROPPING potion of magic.
  2116 | D:3      | 2116 ||| Stepping ~*~*~tactically~*~*~ (stealth).
  2489 | D:3      | 2489 ||| Stepping ~*~*~tactically~*~*~ (stealth).
  2492 | D:3      | 2492 ||| Stepping ~*~*~tactically~*~*~ (stealth).
  2495 | D:3      | Reached XP level 4. HP: 22/26 MP: 8/8
  2501 | D:3      | 2501 ||| DRINKING 2 potions of curing.
  2501 | D:3      | 2501 ||| (to cure confusion)
  2532 | D:3      | 2532 ||| DROPPING +0 mace.
  2657 | D:3      | Noticed Jessica
  2658 | D:3      | 2658 ||| Stepping ~*~*~tactically~*~*~ (hiding).
  2666 | D:3      | 2666 ||| Stepping ~*~*~tactically~*~*~ (hiding).
  2673 | D:3      | Killed Jessica
  2674 | D:3      | Reached skill level 5 in Axes
  2847 | D:3      | Gained mutation: Your magical nature lets you fly swiftly
                  | and evasively. [Tengu growth]
  2847 | D:3      | Reached XP level 5. HP: 28/30 MP: 9/9
  2982 | D:3      | Found a hazy altar of Hepliaklqana.
  3125 | D:3      | 3125 ||| READING scroll labelled ZOEBBU DIOSS.
  3126 | D:3      | 3126 ||| READING 3 scrolls labelled PEUHAI NIUTZIM.
  3127 | D:3      | 3127 ||| READING 2 scrolls of enchant weapon.
  3127 | D:3      | 3127 ||| ENCHANTING +1 hand axe.
  3128 | D:3      | 3128 ||| READING scroll of enchant weapon.
  3128 | D:3      | 3128 ||| ENCHANTING +2 hand axe.
  3129 | D:3      | 3129 ||| READING scroll labelled LIQORPH ROAXU.
  3130 | D:3      | 3130 ||| DRINKING 2 silvery potions.
  3131 | D:3      | 3131 ||| READING 3 scrolls of identify.
  3131 | D:3      | 3131 ||| IDENTIFYING brown potion
  3132 | D:3      | 3132 ||| READING 2 scrolls of identify.
  3132 | D:3      | 3132 ||| IDENTIFYING fuming clear potion
  3133 | D:3      | 3133 ||| DROPPING potion of attraction.
  3134 | D:3      | 3134 ||| DROPPING potion of lignification.
  3135 | D:3      | 3135 ||| READING 2 scrolls of teleportation.
  3165 | D:4      | Found a bloodstained altar of Trog.
  3168 | D:4      | 3168 ||| STAIRDANCE
  3383 | D:4      | Reached skill level 6 in Axes
  3471 | D:4      | Reached XP level 6. HP: 35/35 MP: 10/10
  3585 | D:4      | 3585 ||| Stepping ~*~*~tactically~*~*~ (hiding).
  3590 | D:4      | 3590 ||| DRINKING 2 potions of curing.
  3590 | D:4      | 3590 ||| (to cure confusion)
  3595 | D:4      | 3595 ||| DRINKING potion of curing.
  3595 | D:4      | 3595 ||| (to cure confusion)
  3606 | D:4      | Reached skill level 3 in Armour
  3787 | D:4      | 3787 ||| Stepping ~*~*~tactically~*~*~ (stealth).
  3874 | D:4      | Noticed a black bear
  3884 | D:4      | Killed a black bear
  3885 | D:4      | Reached skill level 7 in Axes
  3924 | D:4      | Reached XP level 7. HP: 36/40 MP: 11/11
  3999 | D:4      | Noticed Eustachio
  4021 | D:4      | HP: 5/40 [Eustachio/+0 rapier (6)]
  4022 | D:4      | 4022 ||| READING scroll of teleportation.
  4026 | D:4      | Killed Eustachio
  4027 | D:4      | Reached skill level 3 in Fighting
  4721 | D:4      | 4721 ||| READING 4 scrolls of identify.
  4721 | D:4      | 4721 ||| IDENTIFYING sedimented puce potion
  4741 | D:5      | Entered Level 5 of the Dungeon
  4741 | D:5      | Found Eddiqar's Magic Scroll Emporium.
  4745 | D:5      | 4745 ||| STAIRDANCE
  4788 | D:5      | 4788 ||| SHOPLISTING scroll of acquirement (676 gold, have
                  | 173).
  4788 | D:5      | 4788 ||| BUYING scroll of brand weapon (123 gold).
  4788 | D:5      | Bought a scroll of brand weapon for 123 gold pieces
  4788 | D:5      | 4788 ||| BUYING scroll of identify (26 gold).
  4788 | D:5      | Bought a scroll of identify for 26 gold pieces
  4788 | D:5      | 4788 ||| SHOPLISTING scroll of identify (26 gold, have 24).
  4788 | D:5      | 4788 ||| SHOPLISTING scroll of teleportation (39 gold, have
                  | 24).
  4788 | D:5      | 4788 ||| READING scroll of brand weapon.
  4788 | D:5      | 4788 ||| BRANDING +3 hand axe.
  4831 | D:5      | Reached skill level 8 in Axes
  4942 | D:5      | 4942 ||| FLEEEEING.
  4976 | D:5      | 4976 ||| Stepping ~*~*~tactically~*~*~ (stealth).
  5124 | D:5      | Found a staircase to the Ecumenical Temple.
  5125 | D:5      | 5125 ||| PLANNING TEMPLE
  5230 | Temple   | Entered the Ecumenical Temple
  5234 | Temple   | Became a worshipper of Warmaster Okawaru
  5286 | Temple   | 5286 ||| PLANNING D:1-11
  5329 | D:5      | Noticed Menkaure
  5330 | D:5      | 5330 ||| Stepping ~*~*~tactically~*~*~ (hiding).
  5331 | D:5      | 5331 ||| Stepping ~*~*~tactically~*~*~ (hiding).
  5334 | D:5      | 5334 ||| Stepping ~*~*~tactically~*~*~ (hiding).
  5339 | D:5      | Reached XP level 8. HP: 48/48 MP: 12/12
  5342 | D:5      | Killed Menkaure
  5343 | D:5      | Reached skill level 9 in Axes
  5610 | D:5      | Reached * piety under Okawaru
  5902 | D:5      | 5902 ||| INVOKING Heroism.
  6110 | D:5      | 6110 ||| READING scroll labelled QIXYVO NUIROQ.
  6238 | D:6      | 6238 ||| Stepping ~*~*~tactically~*~*~ (stealth).
  6240 | D:6      | 6240 ||| Stepping ~*~*~tactically~*~*~ (hiding).
  6248 | D:6      | Reached skill level 1 in Invocations
  6273 | D:6      | 6273 ||| INVOKING Heroism.
  6283 | D:6      | HP: 12/48 [poisoned by a scorpion]
  6288 | D:6      | HP: 7/48 [poisoned by a scorpion]
  6557 | D:6      | 6557 ||| READING scroll of brand weapon.
  6557 | D:6      | 6557 ||| BRANDING +3 hand axe of chaos.
  6667 | D:6      | Found Sojin's Self-Improvement Boutique.
  6708 | D:6      | 6708 ||| Stepping ~*~*~tactically~*~*~ (hiding).
  6719 | D:6      | Reached skill level 10 in Axes
  6833 | D:6      | 6833 ||| INVOKING Heroism.
  6836 | D:6      | HP: 6/48 [ogre/+0 giant club (16)]
  6839 | D:6      | Reached skill level 3 in Invocations
  6839 | D:6      | Reached XP level 9. HP: 7/52 MP: 10/13
  6839 | D:6      | Killed from afar by an orc wizard

Levels and vault maps discovered:
D:1:      evilmike_arrival_crescent, layout_loops_ring,
          hellmonk_ecumenical_altar_blasted, minmay_pentomino_r4
D:2:      layout_loops_ring, grunt_decor_clamped
D:3:      layout_basic, nzn_hepliaklqana_mist_gate, uniq_jessica
D:4:      layout_gridville, mainiacjoe_overflow_catwalk, minmay_pentangle,
          uniq_eustachio
D:5:      layout_layer_cave, minmay_temple_entry_stoned_glass, serial_shops,
          shop_statue, uniq_menkaure
D:6:      minmay_flawed_box, layout_loops_ring, nrook_mini_backslash,
          nicolae_shop_self_help
Temple:   nicolae_temple_x_marks_the_god

Skill      XL: |  1  2  3  4  5  6  7  8 |
---------------+-------------------------+-----
Axes           | 4 5 6 7 8 10 | 10.0
Armour         | 2 3 4 |  4.7
Fighting       | 3 4 |  4.2
Invocations    | 3 |  3.0
Throwing       | |  1.0
Dodging        | |  2.1
Spellcasting   | |  2.0
Translocations | |  2.4

Action                   |  1- 3 |  4- 6 |  7- 9 || total
-------------------------+-------+-------+-------++-------
Melee: Hand axe          |   105 |   101 |   148 ||   354
       Kick              |    21 |    25 |    44 ||    90
       Peck              |    13 |    16 |    28 ||    57
       Punch             |     1 |     1 |     6 ||     8
Throw: Boomerang         |     7 |       |       ||     7
Invok: Heroism           |       |       |     3 ||     3
  Use: Scroll            |    11 |     8 |     5 ||    24
       Potion            |     1 |     4 |       ||     5
 Stab: Paralysed         |       |       |     2 ||     2
Armor: Leather armour    |    16 |       |       ||    16
       Chain mail        |    29 |       |       ||    29
       Plate armour      |    14 |    64 |   109 ||   187
Dodge: Dodged            |    47 |    19 |    24 ||    90

Table legend:
 A = Non-vault XP
 B = Vault XP
 C = Vault XP percentage of total XP
 D = Non-vault monster count
 E = Vault monster count
 F = Vault count percentage of total count
                 A         B        C        D         E       F
            +---------+---------+-------+---------+---------+-------
      Total |    1624 |     812 |  33.3 |      80 |      26 |  24.5
            +---------+---------+-------+---------+---------+-------
        D:1 |      20 |       5 |  20.0 |      13 |       3 |  18.8
        D:2 |      35 |       0 |   0.0 |      14 |       0 |   0.0
        D:3 |      74 |      37 |  33.3 |      18 |       1 |   5.3
        D:4 |     367 |     320 |  46.6 |      14 |      13 |  48.1
        D:5 |     751 |     169 |  18.4 |      13 |       1 |   7.1
        D:6 |     377 |     281 |  42.7 |       8 |       8 |  50.0
            +---------+---------+-------+---------+---------+-------
